 Dungeon Crawl Stone Soup version 0.31-a0-1539-g569d6c7dce (webtiles) character file.

Game seed: 15121860386367015763

3753 Flugslaktarn the Fighter (level 9, 0/85 HPs)
             Began as a Minotaur Fighter on Jan 1, 2024.
             Was an Elder of Okawaru.
             Slain by a wolf (4 damage)
             ... on level 7 of the Dungeon.
             The game lasted 00:03:53 (7499 turns).

Flugslaktarn the Fighter (Minotaur Fighter)         Turns: 7499, Time: 00:03:54

Health: 0/85       AC: 17    Str: 30    XL:     9   Next: 93%
Magic:  11/11      EV:  7    Int:  5    God:    Okawaru [****..]
Gold:   287        SH:  5    Dex: 11    Spells: 8/8 levels left

rFire   . . .        a - +0 war axe (chaos)
rCold   . . .        c - +0 buckler
rNeg    . . .        y - +0 plate armour
rPois   .            (helmet restricted)
rElec   .            s - +0 cloak
rCorr   .            v - +1 pair of gloves
SInv    .            (no boots)
Will    .....        (no amulet) Stlth
                     n - +6 ring of strength
HPRegen 0.34/turn    (no ring)
MPRegen 0.12/turn

%: no passive effects
@: no status effects
A: horns 2, retaliatory headbutt
a: Renounce Religion, Heroism, Finesse


You were on level 7 of the Dungeon.
You worshipped Okawaru.
Okawaru was greatly pleased with you.
You visited 1 branch of the dungeon, and saw 8 of its levels.

You collected 382 gold pieces.
You spent 95 gold pieces at shops.

Inventory:

Hand Weapons
 a - a +0 war axe of chaos (weapon)
Armour
 c - a +0 buckler (worn)
 s - a +0 cloak (worn)
   (You found it on level 4 of the Dungeon)
 v - a +1 pair of gloves (worn)
   (You found it on level 4 of the Dungeon)
 y - a +0 plate armour (worn)
   (You took it off an orc warrior on level 6 of the Dungeon)
Jewellery
 n - a +6 ring of strength (left hand)
   (You took it off an orc priest on level 5 of the Dungeon)
Wands
 b - a wand of mindburst (17)
   (You found it on level 6 of the Dungeon)
 h - a wand of quicksilver (10)
   (You found it on level 5 of the Dungeon)
 u - a wand of paralysis (5)
   (You found it on level 4 of the Dungeon)
Scrolls
 f - a scroll of poison
 g - a scroll of enchant armour
 j - a scroll of fear {unknown}
 k - 2 scrolls of blinking {unknown}
 r - 2 scrolls of identify
 t - 3 scrolls of teleportation
 x - a scroll of torment {unknown}
 z - a scroll of enchant weapon {unknown}
 A - a scroll of noise {unknown}
 B - a scroll of vulnerability {unknown}
Potions
 d - a potion of might
 e - a potion of brilliance
 i - 2 potions of enlightenment {unknown}
 l - a potion of ambrosia {unknown}
 m - 2 potions of lignification
 o - a potion of haste {unknown}
 p - a potion of berserk rage {unknown}
 q - a potion of curing
 w - 3 potions of heal wounds {unknown}
 C - 2 potions of degeneration {unknown}


   Skills:
 * Level 9.9 Fighting
 * Level 9.5 Axes
 + Level 7.6 Armour
 + Level 7.5 Shields
 + Level 4.8 Invocations


You had 8 spell levels left.
You didn't know any spells.
Your spell library contained the following spells:

 Spells                   Type           Power      Damage    Failure   Level
 Shock                    Conj/Air       0%         1d3       99%         1
 Ensorcelled Hibernation  Hex/Ice        0%         N/A       100%        2
 Passwall                 Erth           0%         N/A       100%        3
 Swiftness                Air            0%         N/A       100%        3
 Airstrike                Air            0%         2d(0-16)  100%        4
 Ignite Poison            Fire/Alch      0%         N/A       100%        4
 Irradiate                Conj/Alch      0%         3d11      100%        5
 Lee's Rapid Deconstruct  Erth           0%         3d4*      100%        5
 Animate Armour           Summ/Erth      Unusable   N/A       N/A         4

Dungeon Overview and Level Annotations

Branches:
Dungeon (8/15)             Temple (0/1) D:4
   Lair: D:8-11

Altars:
Ashenzari
Cheibriados
Nemelex Xobeh
Okawaru
Xom

Shops:
D:8 *?*

Annotations:
D:3 exclusion: moth of wrath
D:4 2 runed translucent doors
D:8 Psyche


Innate Abilities, Weirdness & Mutations

You have a pair of horns on your head.
You reflexively headbutt those who attack you in melee.


Message History

There are monsters nearby!
A wolf comes into view.
The yak gores you but does no damage. You block the yak's attack.
The wolf moves out of view.
You hit the wolf.
The wolf suddenly seems more resistant.
The wolf is lightly wounded.
You slash the yak! You burn the yak! You completely miss the yak.
You barely miss the yak.
A rime drake comes into view.
The wolf bites you but does no damage. The yak gores you! The yak gores you.
The yak gores you but does no damage.
Psyche the Insane Magess comes into view.
She is wielding a +3 dagger of distortion, wearing a +2 robe of willpower and carrying a wand of paralysis.
You block the wolf's attack.
The rime drake hisses angrily.
Psyche shouts!
You hear a howl!
You hear an angry hiss.
You block the wolf's attack.
An ice beast comes into view.
The wolf bites you.
Psyche says, "I'll kill you and take you home."
You hear an angry hiss.
The wolf bites you but does no damage. The rime drake breathes ice at you.
The icy flash freeze hits you!
You are encased in ice.
A wolf comes into view.
The wolf bites you but does no damage.
Psyche says, "Please, could you die a little faster?"
Psyche zaps a wand.
You suddenly lose the ability to move!
The ice encasing you melts away.
The wolf bites you but does no damage. x2; The wolf barely misses you.
The wolf bites you but does no damage.
You can move again.
The wolf attacks as it pursues you! The wolf closely misses you.
The wolf attacks as it pursues you! The wolf bites you but does no damage.
Psyche zaps a wand.
You shrug off the repeated paralysis!
You block the wolf's attack. The wolf bites you!
The rime drake breathes ice at you. The icy flash freeze hits you!!
You are encased in ice.
The wolf bites you. The wolf attacks as it pursues you!
The wolf barely misses you. You block the wolf's attack.
The wolf closely misses you.
There is a stone staircase leading up here.
The ice encasing you melts away. You block the wolf's attack.
The wolf barely misses you. You furiously retaliate!
You headbutt the wolf, but do no damage.
The wolf bites you but does no damage. The wolf bites you.
* * * LOW HITPOINT WARNING * * *
The yak gores you but does no damage.
You climb upwards.
There is a stone staircase leading down here.
You are too injured to fight recklessly!
You are too injured to fight recklessly!
You are too injured to fight recklessly!
You hit the wolf but do no damage. You closely miss the wolf.
You hit the wolf but do no damage.
The wolf is poisoned.
You slash the yak! The wolf bites you but does no damage. The wolf bites you.
* * * LOW HITPOINT WARNING * * *
The wolf bites you.
* * * LOW HITPOINT WARNING * * *
The wolf bites you.
* * * LOW HITPOINT WARNING * * *
You block the wolf's attack. The wolf bites you but does no damage.
The yak closely misses you.
You miss the wolf. You slash the wolf! You burn the wolf. You hit the yak.
You slash the wolf! You freeze the wolf. The wolf barely misses you. x2
The wolf closely misses you. The wolf bites you but does no damage.
The wolf closely misses you. The wolf bites you.
* * * LOW HITPOINT WARNING * * *
The yak closely misses you. You furiously retaliate!
You headbutt the yak. You slash the yak!
The yak flies into a frenzy!
The yak is severely wounded.
You miss the wolf. You closely miss the wolf. You miss the wolf.
The wolf bites you but does no damage. You block the wolf's attack.
The wolf bites you but does no damage.
The yak gores the wolf.
The wolf bites you but does no damage. You block the wolf's attack.
You barely miss the wolf.
The wolf is almost dead.
You barely miss the yak. You slash the wolf! You miss the wolf.
You kill the wolf!
Okawaru accepts your kill. The yak gores you!
* * * LOW HITPOINT WARNING * * *
The wolf bites you but does no damage. The wolf bites you.
* * * LOW HITPOINT WARNING * * *
The yak gores you but does no damage.
You hit the yak but do no damage.
The yak is severely wounded.
You closely miss the wolf. You completely miss the wolf.
You block the wolf's attack. x2; The yak completely misses you.
The wolf barely misses you. The wolf bites you but does no damage.
You block the wolf's attack. x2; The yak gores you but does no damage.
The wolf bites you but does no damage.
The yak gores the wolf but does no damage.
The wolf bites you but does no damage. The wolf attacks as it pursues you!
The wolf barely misses you.
Something misses the wolf.
The wolf attacks as it pursues you! The wolf bites you.
You die...

....รท.....##.#.#..#.# #...#####
#########....#.#..#.# #.#....#
#....########.#..#.### #.####.#
#.##(............#...# #..# #.#
#.#....######.##.#.#.###..###.#
##.#.......<##.#............[..#
...#####)........h.......#.######
...............#h#.Y.).....#.....
################@#.....[......###
.................#...#.#####..#
##################............#
#...##..####.# #............#
#.##.........# ###.........##.#
#.......#.#.##.###
#.#######.#.##....


You could see 2 wolves.

Vanquished Creatures
  Pikel (D:7)
  A hornet (D:4)
  A naga (D:6)
  Duvessa (D:5)
  A water moccasin (D:7)
  3 orc warriors
  2 black bears
  3 ice beasts
  A sky beast (D:6)
  An ogre (D:6)
  A centaur (D:7)
  A wolf (D:7)
  3 lemures (D:7)
  2 kobold brigands
  4 bullfrogs (D:7)
  4 scorpions
  Dowan (D:5)
  5 killer bees (D:7)
  A howler monkey (D:5)
  A jelly (D:4)
  2 orc priests
  A bombardier beetle (D:4)
  2 hounds
  3 iguanas
  A sleepcap (D:4)
  6 orc wizards
  19 gnolls
  5 adders
  A shadow imp (D:5)
  2 white imps
  2 ufetubi (D:5)
  2 dart slugs (D:4)
  2 ribbon worms
  26 orcs
  9 bats
  7 endoplasms
  3 giant cockroaches
  4 hobgoblins
  2 jackals (D:1)
  4 quokkas
  7 ball pythons
  2 frilled lizards
  8 goblins
  9 kobolds
  A rat (D:1)
168 creatures vanquished.

Notes
Turn   | Place    | Note
-------+----------+-------------------------------------------
     0 | D:1      | Flugslaktarn the Minotaur Fighter began the quest for the
                  | Orb.
     0 | D:1      | Reached XP level 1. HP: 19/19 MP: 0/0
   139 | D:1      | Reached XP level 2. HP: 27/27 MP: 1/1
   672 | D:2      | Reached XP level 3. HP: 33/33 MP: 2/2
   775 | D:2      | Reached XP level 4. HP: 9/41 MP: 3/3
  1602 | D:3      | HP: 2/41 [something/magic dart (3)]
  1754 | D:3      | Found an iron altar of Okawaru.
  1765 | D:3      | Noticed a moth of wrath
  1777 | D:3      | Became a worshipper of Warmaster Okawaru
  2060 | D:3      | Found a faded altar of an unknown god.
  2410 | D:4      | Reached skill level 5 in Fighting
  2446 | D:4      | Found a large runed translucent door.
  2446 | D:4      | Found a large runed translucent door.
  2631 | D:4      | Found a large runed translucent door.
  2631 | D:4      | Found a large runed translucent door.
  2656 | D:4      | Reached XP level 5. HP: 39/48 MP: 4/4
  2712 | D:4      | Found a staircase to the Ecumenical Temple.
  2917 | D:4      | Reached skill level 1 in Invocations
  3007 | D:4      | Reached XP level 6. HP: 53/56 MP: 5/5
  3084 | D:4      | Reached * piety under Okawaru
  3085 | D:4      | Reached skill level 5 in Axes
  3262 | D:4      | You fall into a shaft and drop 1 floor!
  3262 | D:5      | Entered Level 5 of the Dungeon
  3317 | D:5      | Noticed an orc warrior
  3328 | D:5      | Killed an orc warrior
  3328 | D:5      | Reached ** piety under Okawaru
  3329 | D:5      | Reached skill level 5 in Armour
  3329 | D:5      | Reached skill level 5 in Shields
  3329 | D:5      | Reached XP level 7. HP: 59/63 MP: 7/7
  3435 | D:5      | Noticed Dowan
  3514 | D:5      | Noticed Duvessa
  3522 | D:5      | Killed Duvessa
  3535 | D:5      | Killed Dowan
  3871 | D:5      | Found a shimmering altar of Xom.
  4002 | D:4      | Got Vyck's Omnibus of Synthesis and the Tektite
  4095 | D:4      | Noticed a hornet
  4099 | D:4      | Killed a hornet
  4100 | D:4      | Reached XP level 8. HP: 73/73 MP: 7/9
  4434 | D:5      | Found a shimmering altar of Xom.
  4437 | D:5      | Found a shimmering altar of Xom.
  4446 | D:5      | Found a shimmering altar of Xom.
  4495 | D:5      | Found a snail-covered altar of Cheibriados.
  4518 | D:5      | Found a shimmering altar of Xom.
  4518 | D:5      | Found a shimmering altar of Xom.
  4520 | D:5      | Found a shimmering altar of Xom.
  4736 | D:6      | Reached *** piety under Okawaru
  5320 | D:6      | Reached XP level 9. HP: 80/82 MP: 10/10
  5453 | D:6      | Found a broken altar of Ashenzari.
  6151 | D:7      | Noticed Pikel
  6165 | D:7      | Killed Pikel
  6165 | D:7      | Reached **** piety under Okawaru
  7367 | D:8      | Found Uloicomp's Assorted Antiques.
  7367 | D:8      | Found Fust's Magic Scroll Emporium.
  7367 | D:8      | Found Ucuatrejes's Assorted Antiques.
  7375 | D:8      | Bought 2 amethyst potions for 46 gold pieces
  7375 | D:8      | Bought a scroll labelled LALLUER NAODEH for 26 gold pieces
  7375 | D:8      | Bought a metallic black potion for 23 gold pieces
  7454 | D:8      | Found a sparkling altar of Nemelex Xobeh.
  7481 | D:8      | Noticed a rime drake
  7481 | D:8      | Noticed Psyche
  7484 | D:8      | Paralysed by Psyche for 2 turns
  7494 | D:7      | HP: 4/85 [yak (10)]
  7499 | D:7      | Slain by a wolf

Illustrated notes

Levels and vault maps discovered:
D:1:      dpeg_arrival_fog, layout_loops_ring, minmay_misc_feat_roman
D:2:      layout_basic
D:3:      layout_loops_ring, tgw_trog, nicolae_overflow_crystal_walls,
          ebering_ecumenical_altar_petrified
D:4:      layout_basic, minmay_temple_entry_sparse_star,
          minmay_hollow_rounded_squares
D:5:      layout_loops_ring, nicolae_xom_altar_mimics, chei_slow_surprise,
          uniq_duvessa
D:6:      layout_basic, ashenzari_altar_1, nicolae_titane
D:7:      layout_basic, uniq_pikel
D:8:      layout_basic, nemelex_xobeh_ov_fountains_minmay,
          hellmonk_lair_entry_icy, kennysheep_decorative_pillar,
          nicolae_shop_distant_corner_stores, serial_bayou_pond_e, uniq_joseph,
          uniq_maurice, uniq_psyche

Skill      XL: |  1  2  3  4  5  6  7  8  9 |
---------------+----------------------------+-----
Fighting       | 4 5 6 7 8 9 |  9.9
Axes           | 3 4 5 6 8 9 |  9.5
Shields        | 4 5 6 7 |  7.5
Armour         | 4 5 6 7 |  7.6
Invocations    | 1 2 3 4 |  4.8

Action                     |  1- 3 |  4- 6 |  7- 9 || total
---------------------------+-------+-------+-------++-------
  Melee: War axe           |    68 |   161 |   223 ||   452
         Headbutt          |     4 |    25 |    37 ||    66
    Use: Scroll            |       |       |     6 ||     6
         Potion            |       |       |     4 ||     4
   Stab: Confused          |       |       |     1 ||     1
 Armour: Scale mail        |    14 |       |       ||    14
         Chain mail        |    58 |   148 |   114 ||   320
         Plate armour      |       |       |   125 ||   125
         Skin              |       |       |     1 ||     1
  Dodge: Dodged            |    22 |    58 |    79 ||   159
  Block: Buckler           |    19 |    36 |    61 ||   116

Table legend: (Time is in decaauts)
 A = Elapsed time spent in this place.
 B = Non-inter-level travel time spent in this place.
 C = Inter-level travel time spent in this place.
 D = Time resting spent in this place.
 E = Time spent auto-exploring this place.
 F = Levels seen in this place.
 G = Mean time per level.
                   A        B        C        D        E       F      G
               +--------+--------+--------+--------+--------+-----+--------+
         Total |   7612 |   7145 |    467 |   1074 |   4885 |   8 |  951.5 |
       Dungeon |   7612 |   7145 |    467 |   1074 |   4885 |   8 |  951.5 |
               +--------+--------+--------+--------+--------+-----+--------+

Top non-repeatable levels by time:
     D:4: 1461 daAuts
     D:7: 1429 daAuts
     D:5: 1254 daAuts
     D:6: 1067 daAuts
     D:2: 883 daAuts
     D:3: 786 daAuts
     D:1: 682 daAuts
     D:8: 47 daAuts
